 Dungeon Crawl Stone Soup version 0.21-a0-417-g0adc95b (webtiles) character file.

522 Ijustatesigmund the Sneak (level 7, 0/48 HPs)
             Began as an Octopode Assassin on Nov 3, 2017.
             Slain by an ice beast (9 damage)
             ... on level 5 of the Dungeon.
             The game lasted 00:07:31 (3760 turns).

Ijustatesigmund the Sneak (Octopode Assassin)       Turns: 3760, Time: 00:07:32

Health: 0/48       AC:  1    Str: 11    XL:     7   Next: 22%
Magic:  7/7        EV: 16    Int: 13    God:
Gold:   37         SH:  0    Dex: 15    Spells: 6/6 levels left

rFire    . . .     SeeInvis .   j - +2 short sword (speed)
rCold    . . .     Gourm    .   (no shield)
rNeg     . . .     Faith    .   (helmet restricted)
rPois    .         Spirit   .   (no amulet)
rElec    .         Reflect  .   (no ring)
rCorr    .         Harm     .   (no ring)
MR       .....                  (no ring)
Stlth    +++++.....             (no ring)
HPRegen  0.16/turn              (no ring)
MPRegen  0.10/turn              (no ring)
                                (no ring)
                                (no ring)

@: no status effects
A: almost no armour, stealthy swim, amphibious, 8 rings, constrict 8, camouflage
1, gelatinous body 1
a: no special abilities


You were on level 5 of the Dungeon.
You were hungry.

You visited 1 branch of the dungeon, and saw 5 of its levels.

You collected 37 gold pieces.

Inventory:

Hand Weapons
 a - a +2 dagger
 b - a +0 blowgun
 j - a +2 short sword of speed (weapon)
Missiles
 c - 22 poisoned needles
 d - 2 curare-tipped needles
Wands
 l - a wand of paralysis (16/24)
Scrolls
 e - a scroll of teleportation
 k - 2 scrolls of remove curse
 n - a scroll of recharging
Potions
 h - a potion of flight
 q - a potion of curing
Comestibles
 f - 3 bread rations
 g - 4 fruits
 o - a meat ration


   Skills:
 - Level 4.1 Fighting
 - Level 2.0 Short Blades
 + Level 2.8 Throwing
 - Level 5.0 Dodging
 - Level 7.1 Stealth


You had 6 spell levels left.
You didn't know any spells.

Dungeon Overview and Level Annotations

Branches:
Dungeon (5/15)
 Temple: D:4-7

Altars:
Cheibriados
Gozag
Okawaru
Sif Muna
Vehumet
Xom

Annotations:
D:3 2 transporters, Purgy
D:4 Yermak's ghost, amateur GnSk


Innate Abilities, Weirdness & Mutations

You cannot wear most types of armour.
You are very stealthy in the water. (Stealth+)
You are amphibious.
You can wear up to eight rings at the same time.
You can use your tentacles to constrict eight enemies at once.
Your skin changes colour to match your surroundings (Stealth+).
Your rubbery body absorbs attacks. (AC +1, EV +1)


Message History

You hit the ice beast but do no damage.
The ice beast is almost dead.
The ice beast completely misses you.
You closely miss the ice beast.
The ice beast is almost dead.
The ice beast misses you.
You hit the ice beast but do no damage.
The ice beast is almost dead.
The ice beast hits you. The ice beast freezes you!
* * * LOW HITPOINT WARNING * * *
You are too injured to fight recklessly!
You are too injured to fight recklessly!
You completely miss the ice beast. Your squeeze misses the ice beast.
The ice beast is almost dead.
You hit the ice beast but do no damage.
The ice beast is almost dead.
The ice beast hits you.
* * * LOW HITPOINT WARNING * * *
The ice beast freezes you!
You die...

........# #..#
..........# #..#
......(...# #..##
..........##### #...#
..............####...#
.....................##
................###...#
.......Y.#######.....##
.......@#####......#.#
........##........####
................###
......#........##
.....####.....## ....#
##..### ...# ##..# #.#
##.### #. #...###


You could see an ice beast.

Vanquished Creatures
  Sigmund (D:3)
  A big kobold (D:3)
  A howler monkey (D:4)
  A crimson imp (D:5)
  A hound (D:5)
  An orc priest (D:3)
  Ijyb (D:3)
  An orc wizard (D:3)
  Terence (D:2)
  3 adders (D:2)
  An ooze (D:3)
  An adder skeleton (D:5)
  4 worms (D:2)
  4 dart slugs
  3 leopard geckos
  A ball python (D:4)
  3 giant cockroaches
  3 goblins
  6 hobgoblins
  3 jackals (D:3)
  2 quokkas
  7 bats
  3 frilled lizards
  7 kobolds
  6 rats
66 creatures vanquished.

Vanquished Creatures (others)
  A bat (D:2)
1 creature vanquished.

Grand Total: 67 creatures vanquished

Notes
Turn   | Place    | Note
-------+----------+-------------------------------------------
     0 | D:1      | Ijustatesigmund the Octopode Assassin began the quest for the Orb.
     0 | D:1      | Reached XP level 1. HP: 14/14 MP: 1/1
   278 | D:1      | Reached XP level 2. HP: 13/19 MP: 2/2
   497 | D:1      | Reached skill level 6 in Stealth
   519 | D:1      | Found an opulent altar of Gozag.
   521 | D:1      | Found an iron altar of Okawaru.
   521 | D:1      | Found an ancient bone altar of Kikubaaqudgha.
   523 | D:1      | Found a radiant altar of Vehumet.
   523 | D:1      | Found a shimmering altar of Xom.
   523 | D:1      | Found a deep blue altar of Sif Muna.
   688 | D:2      | Reached XP level 3. HP: 24/24 MP: 3/3
  1280 | D:2      | Reached XP level 4. HP: 22/29 MP: 4/4
  2020 | D:2      | Noticed Terence
  2033 | D:2      | Killed Terence
  2033 | D:2      | Reached skill level 7 in Stealth
  2314 | D:3      | Reached XP level 5. HP: 34/34 MP: 5/5
  2359 | D:3      | Noticed Purgy
  2385 | D:3      | Found a transporter.
  2772 | D:3      | Found a snail-covered altar of Cheibriados.
  2776 | D:3      | Noticed Sigmund
  2785 | D:3      | Killed Sigmund
  2785 | D:3      | Reached XP level 6. HP: 31/42 MP: 6/6
  2924 | D:3      | Found a transporter.
  3200 | D:3      | Noticed Ijyb
  3213 | D:3      | Killed Ijyb
  3373 | D:4      | Reached skill level 5 in Dodging
  3373 | D:4      | Reached XP level 7. HP: 48/48 MP: 7/7
  3507 | D:4      | Noticed Yermak's ghost (amateur GnSk)
  3514 | D:5      | Entered Level 5 of the Dungeon
  3760 | D:5      | Slain by an ice beast

Vault maps used:
D:1:      sevenhm_arrival_forest_fort_large_4, minmay_misc_feat_doors,
          chequers_big_river, doesnt_xom_only_xom
D:2:      first_bread, uniq_terence
D:3:      gammafunk_wand_slinger, cheibriados_altar_1, uniq_ijyb, uniq_sigmund,
          uniq_robin, uniq_purgy
D:5:      temple_pool_b, serial_park_tiny_1

Skill      XL: |  1  2  3  4  5  6 |
---------------+-------------------+-----
Dodging        | 2 3 4 5 |  5.0
Stealth        | 6 7 |  7.1
Fighting       | 3 4 |  4.1
Short Blades   | |  2.0
Throwing       | |  2.8

Action                   |  1- 3 |  4- 6 |  7- 9 || total
-------------------------+-------+-------+-------++-------
Melee: Dagger            |    25 |       |       ||    25
       Constrict         |    18 |    13 |     3 ||    34
       Tentacles         |     8 |    18 |     5 ||    31
       Short sword       |    40 |    81 |    30 ||   151
  Use: Scroll            |       |    10 |     2 ||    12
 Stab: Sleeping          |     8 |    11 |     1 ||    20
       Distracted        |     1 |       |       ||     1
  Eat: Chunk             |     1 |     4 |     1 ||     6
       Royal jelly       |       |     1 |       ||     1
Armor: Skin              |     3 |     1 |       ||     4
Dodge: Dodged            |    29 |    34 |    15 ||    78

Table legend:
 A = Spawn XP
 B = Non-spawn XP
 C = Spawn XP percentage of total XP
 D = Spawn monster count
 E = Non-spawn monster count
 F = Spawn count percentage of total count
 G = Total turns spent on level
                    A         B        C        D         E        F      G
               +---------+---------+-------+---------+---------+-------+---------
         Total |       0 |     747 |   0.0 |       0 |      66 |   0.0 |  3760
               +---------+---------+-------+---------+---------+-------+---------
           D:1 |       0 |      32 |   0.0 |       0 |      16 |   0.0 |   635
           D:2 |       0 |     132 |   0.0 |       0 |      31 |   0.0 |  1987
           D:3 |       0 |     427 |   0.0 |       0 |      13 |   0.0 |   717
           D:4 |       0 |      60 |   0.0 |       0 |       3 |   0.0 |   183
           D:5 |       0 |      96 |   0.0 |       0 |       3 |   0.0 |   238
               +---------+---------+-------+---------+---------+-------+---------
